 Dungeon Crawl Stone Soup version 0.23.2-1-ga50397a6bc (webtiles) character file.

Game seed: 15191659934569559682

266 Freyura the Cutter (level 6, 0/46 HPs)
             Began as a Vampire Gladiator on May 25, 2019.
             Was an Initiate of Makhleb.
             Slain by Duvessa
             ... wielding a +0 short sword
              (3 damage)
             ... on level 4 of the Dungeon.
             The game lasted 00:11:21 (2907 turns).

Freyura the Cutter (Vampire Gladiator)              Turns: 2907, Time: 00:11:22

Health: 0/46       AC:  8    Str: 13    XL:     6   Next: 0%
Magic:  6/6        EV: 11    Int: 10    God:    Makhleb [......]
Gold:   180        SH:  0    Dex: 18    Spells: 5/5 levels left

rFire    + . .     SeeInvis +   a - +1 rapier
rCold    + . .     Gourm    .   (no shield)
rNeg     + + .     Faith    .   r - +0 scale mail {rF+}
rPois    +         Spirit   .   p - +1 helmet
rElec    .         Reflect  .   (no cloak)
rCorr    .         Harm     .   (no gloves)
MR       .....                  (no boots)
Stlth    +.........             (no amulet)
HPRegen  0.07/turn              h - ring of flight
MPRegen  0.10/turn              t - ring of poison resistance

@: regenerating slowly
A: fangs 3, see invisible, unbreathing
a: Bat Form, Renounce Religion, Evoke Flight


You were on level 4 of the Dungeon.
You worshipped Makhleb.
Makhleb was noncommittal.
You were near bloodless.

You visited 1 branch of the dungeon, and saw 4 of its levels.

You collected 180 gold pieces.

Inventory:

Hand Weapons
 a - a +1 rapier (weapon)
Missiles
 d - 4 throwing nets (quivered)
Armour
 b - a +0 leather armour
 p - a +1 helmet (worn)
 r - a +0 scale mail of fire resistance (worn)
Jewellery
 h - a ring of flight (left hand)
 t - a ring of poison resistance (right hand)
Scrolls
 c - a scroll of fear
 k - a scroll of amnesia
Potions
 e - 17 potions of blood
 f - 2 potions of flight
 g - a potion of magic
 j - 2 potions of curing {unknown}
 l - 3 potions of might {unknown}
 o - a potion of mutation {unknown}
 s - a potion of lignification {unknown}


   Skills:
 + Level 2.5 Fighting
 * Level 5.6 Short Blades
 - Level 1.5 Throwing
 + Level 1.6 Armour
 + Level 4.3 Dodging
 - Level 0.5 Stealth
 + Level 0.7 Invocations


You had 5 spell levels left.
You didn't know any spells.
Your spell library contained the following spells:

 Spells                   Type           Power        Failure   Level  Hunger
 Confusing Touch          Hex            #.....       87%         1    ##.....
 Confuse                  Hex            #.......     99%         3    ####...
 Gell's Gravitas          Tloc           #.........   99%         3    ####...
 Petrify                  Tmut/Erth      #.......     100%        4    #####..
 Metabolic Englaciation   Hex/Ice        #.........   100%        5    ######.
 Yara's Violent Unravell  Hex/Tmut       #.........   100%        5    ######.


Dungeon Overview and Level Annotations

Branches:
Dungeon (4/15)
 Temple: D:4-7

Altars:
Makhleb
Trog
Uskayaw
Yredelemnul

Annotations:
D:4 Dowan, Duvessa


Innate Abilities, Weirdness & Mutations

You heal slowly.
You have razor-sharp teeth.
You have supernaturally acute eyesight. (SInv)
You can survive without breathing.


Message History

Duvessa misses you.
You hit Duvessa but do no damage.
Duvessa is heavily wounded.
Duvessa hits you with a +0 short sword.
Your scale mail prevents you from hitting Duvessa.
Duvessa is heavily wounded.
Duvessa hits you but does no damage. x2
You hit Duvessa but do no damage. You bite Duvessa, but do no damage.
Duvessa is heavily wounded.
Duvessa hits you with a +0 short sword.
* * * LOW HITPOINT WARNING * * *
It was a potion of magic.
Magic courses through your body. Duvessa hits you with a +0 short sword.
* * * LOW HITPOINT WARNING * * *
Dowan gestures wildly while chanting.
Dowan blinks!
Duvessa barely misses you.
You barely miss Duvessa.
Duvessa is heavily wounded.
Duvessa hits you with a +0 short sword.
You die...

.## #.. ..## #.#
...#############.######
......................#
.......#...#####.#
..##.............# .#
.###.#.#...#####.# ..
## #.####.## #.# e###
## #.# #.# #@# ... .#
#.# #.# #e# e.# .###.#
#.# #.# ..# ..##.# #.#
#.####..###.# ..##.#
#.# #ยง...e).....# ..#
#.# #.#.......... ..#
..# #.#.##..#.##. ..#
....# ..# # .## ##.###
.##


You could see Duvessa.

Vanquished Creatures
  A hound (D:4)
  An orc wizard (D:4)
  A worker ant (D:4)
  Robin (D:2)
  3 gnolls (D:3)
  6 adders
  A worm (D:4)
  A dart slug (D:3)
  2 leopard geckos (D:2)
  4 orcs (D:4)
  7 giant cockroaches
  15 goblins
  8 hobgoblins
  3 jackals (D:2)
  2 quokkas (D:4)
  2 ball pythons
  6 bats
  4 frilled lizards
  6 kobolds
  10 rats
84 creatures vanquished.

Notes
Turn   | Place    | Note
-------+----------+-------------------------------------------
     0 | D:1      | Freyura the Vampire Gladiator began the quest for the Orb.
     0 | D:1      | Reached XP level 1. HP: 16/16 MP: 1/1
   137 | D:1      | Reached XP level 2. HP: 20/22 MP: 2/2
   688 | D:2      | Reached skill level 4 in Short Blades
   688 | D:2      | Reached XP level 3. HP: 23/27 MP: 3/3
   933 | D:2      | Found a basalt altar of Yredelemnul.
  1015 | D:2      | Noticed Robin
  1047 | D:2      | Killed Robin
  1277 | D:2      | Reached XP level 4. HP: 27/33 MP: 4/4
  1663 | D:2      | Reached skill level 1 in Armour
  1803 | D:2      | Reached skill level 5 in Short Blades
  2017 | D:2      | Found a bloodstained altar of Trog.
  2235 | D:3      | Reached XP level 5. HP: 24/38 MP: 5/5
  2256 | D:3      | Found a burning altar of Makhleb.
  2264 | D:3      | Became a worshipper of Makhleb the Destroyer
  2316 | D:3      | Noticed a -3 hand axe
  2317 | D:3      | Noticed a +0 dagger
  2320 | D:3      | Found a hide-covered altar of Uskayaw.
  2881 | D:4      | Noticed Duvessa
  2881 | D:4      | Noticed Dowan
  2882 | D:4      | Reached XP level 6. HP: 46/46 MP: 6/6
  2907 | D:4      | Slain by Duvessa

Skill      XL: |  1  2  3  4 |
---------------+-------------+-----
Fighting       | 2 |  2.5
Short Blades   | 4 5 |  5.6
Armour         | 1 |  1.6
Dodging        | 4 |  4.3
Throwing       | |  1.5
Stealth        | |  0.5
Invocations    | |  0.7

Action                   |  1- 3 |  4- 6 || total
-------------------------+-------+-------++-------
Melee: Rapier            |   124 |   163 ||   287
       Bite              |    13 |    16 ||    29
  Use: Scroll            |       |     8 ||     8
       Potion            |       |     3 ||     3
 Stab: Sleeping          |     1 |     6 ||     7
Armor: Leather armour    |    20 |     3 ||    23
       Scale mail        |       |    54 ||    54
Dodge: Dodged            |    76 |    74 ||   150
